 Dungeon Crawl Stone Soup version 0.32-a0-131-g9dbbe29261 (webtiles) character file.

Game seed: 1655962745813157116

140 Esekla the Sneak (level 5, -2/37 HPs)
             Began as an Octopode Delver on Feb 8, 2024.
             Slain by a sleepcap (14 damage)
             ... on level 4 of the Dungeon.
             The game lasted 00:20:20 (1790 turns).

Esekla the Sneak (Octopode Delver)                  Turns: 1790, Time: 00:20:21

Health: -2/37      AC:  1    Str: 11    XL:     5   Next: 23%
Magic:  7/7        EV:  2    Int: 15    God:
Gold:   105        SH:  0    Dex: 13    Spells: 6/6 levels left

rFire   . . .        a - +0 falchion
rCold   . . .        (no shield)
rNeg    . . .        (helmet restricted)
rPois   .            (no amulet)
rElec   .            c - ring of see invisible
rCorr   .            (no ring)
SInv    +            (no ring)
Will    .....        (no ring)
Stlth   +++++        (no ring)
HPRegen 0.26/turn    (no ring)
MPRegen 0.10/turn    (no ring)
                     (no ring)

%: no passive effects
@: sleeping
A: almost no armour, amphibious, 8 rings, camouflage 1, gelatinous body 1,
(nimble swimmer 1), tentacles
a: no special abilities


You were on level 4 of the Dungeon.
You visited 1 branch of the dungeon, and saw 2 of its levels.

You collected 105 gold pieces.

Inventory:

Hand Weapons
 a - a +0 falchion (weapon)
 s - a +0 dagger
Missiles
 e - 3 poisoned darts
 i - 3 boomerangs (quivered)
Jewellery
 c - a ring of see invisible (left tentacle)
 j - a ring of protection from cold
Wands
 f - a wand of digging (3)
Scrolls
 b - 4 scrolls of fog
 d - a scroll of summoning {unknown}
 h - 2 scrolls of teleportation
Potions
 g - a potion of berserk rage {unknown}


   Skills:
 * Level 3.9 Fighting
 + Level 2.5 Long Blades
 * Level 2.5 Dodging
 + Level 7.7 Stealth
 * Level 1.4 Spellcasting


You had 6 spell levels left.
You didn't know any spells.
Your spell library contained the following spells:

 Spells                   Type           Power      Damage    Failure   Level
 Volatile Blastmotes      Fire/Tloc      2%         2d10      56%         3
 Fulminant Prism          Conj/Alch      0%         3d5       93%         4
 Iskenderun's Mystic Bla  Conj/Tloc      1%         2d3       93%         4


Dungeon Overview and Level Annotations

Branches:
Dungeon (5/15)
 Temple: D:4-7

Altars:
Ashenzari
Okawaru
Yredelemnul

Shops:
D:5 :**

Annotations:
D:4 Edmund
D:5 Duvessa


Innate Abilities, Weirdness & Mutations

You cannot wear most types of armour.
You are amphibious.
You can wear up to eight rings at the same time.
Your skin changes colour to match your surroundings (Stealth+).
Your rubbery body absorbs attacks. (AC +1, EV +1)
((You are camouflaged when in or above water. (Stealth+)))
You have tentacles for arms and can constrict up to eight enemies at once.


Message History

You see here a quokka corpse.
There is a stone staircase leading up here.
There is an open door here.
There is a stone staircase leading down here.
You climb downwards.
Level annotation: Duvessa The sleepcap releases spores at you.
The sleepcap misses you.
There is a stone staircase leading up here.
a - a +0 falchion (weapon)
You hit the sleepcap but do no damage. You grab the sleepcap.
You constrict the sleepcap, but do no damage.
The sleepcap releases spores at you! The sleepcap closely misses you.
You hit the sleepcap.
You squeeze the sleepcap, but do no damage.
The sleepcap is lightly damaged.
You constrict the sleepcap. The sleepcap releases spores at you.
You release your grip on the sleepcap.
The sleepcap completely misses you.
You climb upwards.
Level annotation: Edmund
There is a stone staircase leading down here.
You hit the sleepcap. You grab the sleepcap.
The sleepcap is lightly damaged.
You constrict the sleepcap, but do no damage.
The sleepcap releases spores at you.
You hit the sleepcap but do no damage.
The sleepcap is lightly damaged.
You constrict the sleepcap. The sleepcap barely misses you.
You hit the sleepcap. You squeeze the sleepcap.
The sleepcap is heavily damaged.
You constrict the sleepcap. The sleepcap releases spores at you.
You hit the sleepcap.
You squeeze the sleepcap, but do no damage.
The sleepcap is severely damaged.
You constrict the sleepcap. The sleepcap releases spores at you!
* * * LOW HITPOINT WARNING * * *
You are engulfed in a cloud of soporific spores!
You fall asleep.
You lose your grip on the sleepcap.
The sleepcap releases spores at you!
You die...

#####.#######...##.# #......#
# #.# ##+###.# ##<#.#.# # #.#
#.# #.# #.#.#.# # #.# #.#
#.####.#.#.### ##.#####
##.###.............
##.#....###...###########.###
#.###..............# #.#
##.#....###.f.####.# #.#
##.##### ##@## #.######.# ###
#.# #........# #.# ##########
#.# #####.# ######.....#
#..........# #.###.###..# #.#
#.# #..#


You could see a sleepcap.

Vanquished Creatures
  A scorpion (D:4)
  A gnoll bouda (D:4)
  A hound (D:5)
  2 orcs
  3 endoplasms (D:4)
  A giant cockroach (D:4)
  3 jackals (D:4)
  A quokka (D:4)
  2 ball pythons (D:4)
  3 goblins (D:4)
  2 kobolds (D:4)
20 creatures vanquished.

Notes
Turn   | Place    | Note
-------+----------+-------------------------------------------
     0 | D:5      | Esekla the Octopode Delver began the quest for the Orb.
     0 | D:5      | Reached XP level 1. HP: 16/16 MP: 1/1
     4 | D:5      | Found Lojunli's Assorted Antiques.
    19 | D:5      | Found a broken altar of Ashenzari.
    36 | D:5      | Noticed a centaur
   128 | D:5      | Noticed a phantom
   150 | D:5      | Found a basalt altar of Yredelemnul.
   196 | D:5      | Found Dawurosu's Assorted Antiques.
   207 | D:5      | Noticed a hound
   236 | D:5      | Found Ucrotuk's Book Boutique.
   248 | D:5      | Noticed a black bear
   442 | D:5      | Killed a hound
   443 | D:5      | Reached skill level 7 in Stealth
   443 | D:5      | Reached XP level 2. HP: 20/21 MP: 2/2
   443 | D:5      | Reached XP level 3. HP: 25/26 MP: 3/3
   482 | D:5      | Noticed Duvessa
   527 | D:5      | Noticed a scorpion
   626 | D:4      | Noticed a steam dragon
   675 | D:4      | Found an iron altar of Okawaru.
   703 | D:4      | Noticed a scorpion
   929 | D:4      | Reached skill level 1 in Spellcasting
   929 | D:4      | Reached XP level 4. HP: 24/33 MP: 5/5
   942 | D:4      | Killed a scorpion
   943 | D:4      | Reached XP level 5. HP: 8/37 MP: 5/7
  1271 | D:4      | Noticed Edmund
  1790 | D:4      | Slain by a sleepcap

Illustrated notes

Levels and vault maps discovered:
D:4:      layout_loops_corners, lemuel_doored_altar, kennysheep_path_1,
          hangedman_minor_gate_pass, uniq_edmund
D:5:      layout_basic, kennysheep_little_box,
          mainiacjoe_overflow_surrounded_room,
          mainiacjoe_overflow_small_starburst, serial_shops,
          nicolae_shop_hallway_stairs, nicolae_shop_tiny_waterfront, shop,
          uniq_duvessa

Skill      XL: |  1  2  3 |
---------------+----------+-----
Stealth        | 7 |  7.7
Spellcasting   | 1 |  1.4
Fighting       | |  3.9
Long Blades    | |  2.5
Dodging        | |  2.5

Action                     |  1- 3 |  4- 6 || total
---------------------------+-------+-------++-------
  Melee: Falchion          |    22 |    21 ||    43
         Constrict         |     9 |     7 ||    16
         Tentacles         |     9 |     8 ||    17
         Punch             |     2 |     1 ||     3
         Dagger            |       |     2 ||     2
  Throw: Boomerang         |     1 |       ||     1
    Use: Scroll            |     2 |     3 ||     5
         Potion            |     1 |     1 ||     2
   Stab: Sleeping          |     1 |     3 ||     4
 Armour: Skin              |    20 |    15 ||    35
  Dodge: Dodged            |    19 |    16 ||    35

Table legend: (Time is in decaauts)
 A = Elapsed time spent in this place.
 B = Non-inter-level travel time spent in this place.
 C = Inter-level travel time spent in this place.
 D = Time resting spent in this place.
 E = Time spent auto-exploring this place.
 F = Levels seen in this place.
 G = Mean time per level.
                   A        B        C        D        E       F      G
               +--------+--------+--------+--------+--------+-----+--------+
         Total |   1780 |   1780 |      0 |    284 |     21 |   2 |  890.0 |
       Dungeon |   1780 |   1780 |      0 |    284 |     21 |   2 |  890.0 |
               +--------+--------+--------+--------+--------+-----+--------+

Top non-repeatable levels by time:
     D:4: 1258 daAuts
     D:5: 522 daAuts
